 Dungeon Crawl Stone Soup version 0.19-a0-593-gf2cdb02 (webtiles) character file.

1463 tof the Skirmisher (level 8, -3/73 HPs)
             Began as a Minotaur Fighter on June 10, 2016.
             Slain by Joseph
             ... wielding a +3 quarterstaff of protection
              (15 damage)
             ... on level 7 of the Dungeon.
             The game lasted 00:14:45 (4770 turns).

tof the Skirmisher (Minotaur Fighter)               Turns: 4770, Time: 00:14:45

Health: -3/73      AC:  7    Str: 22    XL:     8   Next: 48%
Magic:  6/6        EV:  8    Int:  7    God:
Gold:   191        SH: 11    Dex: 16    Spells: 0 memorised, 7 levels left

rFire  . . .     SeeInvis .     r - +2 hand axe (freeze)
rCold  . . .     Gourm    .     b - +0 scale mail
rNeg   . . .     Faith    .     c - +0 shield
rPois  .         Spirit   .     (helmet restricted)
rElec  +         Dismiss  +     (no cloak)
rCorr  .         Reflect  .     (no gloves)
SustAt .         Harm     .     (no boots)
MR     .....     Clarity  +     w - amulet of dismissal
Stlth  ..........               j - +3 ring of slaying
                                s - +5 ring of dexterity

@: not resistant to hostile enchantments, extremely unstealthy
A: retaliatory headbutt, claws 1, horns 2, berserk 2, clarity, clever 1, low mp
1, electricity resistance
a: no special abilities


You were on level 7 of the Dungeon.
You were very hungry.

You visited 1 branch of the dungeon, and saw 7 of its levels.

You collected 191 gold pieces.

Inventory:

Hand Weapons
 a - a +0 flail
 r - a +2 hand axe of freezing (weapon)
Armour
 b - a +0 scale mail (worn)
 c - a +0 shield (worn)
Jewellery
 j - a +3 ring of slaying (right claw)
 s - a +5 ring of dexterity (left claw)
 w - an amulet of dismissal (around neck)
 D - a +3 ring of strength
 F - a cursed ring of teleportation
 K - an uncursed ring of protection from fire
Wands
 z - a wand of polymorph (18/24)
 H - a wand of polymorph (10/24)
Scrolls
 g - 2 scrolls of blinking {unknown}
 h - a scroll of magic mapping {unknown}
 i - 5 scrolls of remove curse
 k - 2 scrolls of enchant weapon {unknown}
 l - a scroll of random uselessness {unknown}
 q - 5 scrolls of identify
 v - 2 scrolls of teleportation {unknown}
 x - a scroll of amnesia {unknown}
 y - 2 scrolls of fear {unknown}
 A - a scroll of immolation {unknown}
 G - a scroll of noise {unknown}
Potions
 d - 2 potions of might
 e - 2 potions of heal wounds {unknown}
 m - a potion of degeneration {unknown}
 n - 2 potions of curing {unknown}
 p - a potion of magic {unknown}
 t - a potion of ambrosia {unknown}
 C - a potion of resistance {unknown}
 I - a potion of invisibility {unknown}
 J - 2 potions of cure mutation {unknown}
Books
 o - a book of Frost

   Spells                             Type                      Level
   a - Freeze                         Ice                          1
   b - Throw Frost                    Conjuration/Ice              2
   c - Ozocubu's Armour               Charms/Ice                   3
   d - Throw Icicle                   Conjuration/Ice              4
   e - Summon Ice Beast               Ice/Summoning                4
Comestibles
 f - 6 bread rations
 u - 3 meat rations
 B - a slice of pizza
 E - a beef jerky


   Skills:
 + Level 7.3 Fighting
 + Level 6.0(6.4) Axes
 - Level 3.0(4.9) Maces & Flails
 + Level 7.2 Armour
 + Level 7.0 Shields


You had 7 spell levels left.
You didn't know any spells.

Dungeon Overview and Level Annotations

Branches:
Dungeon (7/15)
 Temple: D:4-7

Altars:
Dithmenos

Annotations:
D:7 Joseph


Innate Abilities, Weirdness & Mutations

You reflexively headbutt those who attack you in melee.
You have a pair of horns on your head.
You have sharp fingernails.
You often lose your temper in combat.
You possess an exceptional clarity of mind.
Your mind is acute. (Int +2)
Your magical capacity is low. (-10% MP)
You are resistant to electric shocks. (rElec)


Message History

You hit Joseph. You freeze Joseph.
Joseph is severely wounded.
Joseph hits you but does no damage.
You barely miss Joseph. You headbutt Joseph.
Joseph is severely wounded.
You slash Joseph! You freeze Joseph.
Joseph is severely wounded.
Joseph hits you with an uncursed quarterstaff of protection!
* * * LOW HITPOINT WARNING * * *
You closely miss Joseph. You headbutt Joseph, but do no damage.
Joseph is severely wounded.
Joseph hits you with an uncursed quarterstaff of protection.
* * * LOW HITPOINT WARNING * * *
You hit Joseph. You freeze Joseph.
Joseph is almost dead.
Joseph closely misses you.
You hit Joseph but do no damage. You headbutt Joseph!
Joseph is almost dead.
Joseph hits you with an uncursed quarterstaff of protection!
You die...

#.# #+## #.# ##.#
##...## #.# #..#
##.....## #.# ##.##
##.....>.## #.#
##...####.(.......(
...
#......('(........#
#..
##...####........#
##.## ##.(.....#
#.# ##@.....# #.#
##@..##.# #.#
.....#. #. #.##.#
.# .# .# # .. .


You could see Joseph.

Vanquished Creatures
  Menkaure (D:5)
  A wasp (D:7)
  An ice beast (D:5)
  A sky beast (D:6)
  An ogre (D:4)
  2 centaurs
  Blork the orc (D:5)
  2 giant frogs
  A howler monkey (D:6)
  A crimson imp (D:6)
  A giant frog zombie (D:5)
  A hound (D:4)
  An orc priest (D:3)
  3 iguanas
  5 worker ants
  2 orc wizards (D:3)
  A worker ant zombie (D:5)
  11 adders
  A shadow imp (D:6)
  2 oozes (D:5)
  3 adder skeletons
  3 worms
  3 dart slugs
  A giant gecko (D:3)
  17 orcs
  5 giant cockroaches
  12 goblins
  7 hobgoblins
  A quokka (D:6)
  A ball python (D:1)
  6 bats
  A giant gecko skeleton (D:6)
  4 giant newts
  5 kobolds
  5 rats
114 creatures vanquished.

Notes
Turn   | Place    | Note
--------------------------------------------------------------
     0 | D:1      | tof the Minotaur Fighter began the quest for the Orb.
     0 | D:1      | Reached XP level 1. HP: 19/19 MP: 0/0
   242 | D:1      | Reached XP level 2. HP: 27/27 MP: 1/1
   726 | D:2      | Reached XP level 3. HP: 33/33 MP: 2/2
   957 | D:2      | Reached XP level 4. HP: 40/41 MP: 3/3
  1174 | D:3      | Reached skill level 1 in Axes
  1252 | D:3      | Reached XP level 5. HP: 37/47 MP: 4/4
  1281 | D:3      | Reached skill level 5 in Fighting
  1685 | D:3      | Reached skill level 5 in Armour
  2544 | D:4      | Found a shadowy altar of Dithmenos.
  2567 | D:4      | Reached XP level 6. HP: 56/56 MP: 5/5
  2619 | D:4      | Reached skill level 5 in Shields
  2753 | D:4      | Gained mutation: You have sharp fingernails. [potion of mutation]
  2753 | D:4      | Gained mutation: You have sharp toenails. [potion of mutation]
  2753 | D:4      | Gained mutation: Your magical capacity is low. (-10% MP) [potion of mutation]
  2754 | D:4      | Gained mutation: You possess an exceptional clarity of mind. [potion of mutation]
  2754 | D:4      | Gained mutation: Your mind is acute. (Int +2) [potion of mutation]
  2754 | D:4      | Gained mutation: You tend to lose your temper in combat. [potion of mutation]
  2755 | D:4      | Gained mutation: You are resistant to electric shocks. (rElec) [potion of mutation]
  2755 | D:4      | Lost mutation: You have sharp toenails. [potion of mutation]
  2758 | D:5      | Entered Level 5 of the Dungeon
  2833 | D:5      | Noticed Menkaure
  2841 | D:5      | Killed Menkaure
  2841 | D:5      | Reached XP level 7. HP: 10/62 MP: 5/5
  3161 | D:5      | Noticed Blork the orc
  3169 | D:5      | Killed Blork the orc
  3717 | D:5      | Reached skill level 5 in Axes
  3903 | D:5      | Reached XP level 8. HP: 56/71 MP: 6/6
  4451 | D:6      | Gained mutation: You often lose your temper in combat. [mutagenic meat]
  4733 | D:7      | Noticed Joseph
  4770 | D:7      | Slain by Joseph

Vault maps used:
D:1:      dpeg_arrival_refuge
D:4:      first_bread, grunt_ministairs_9, grunt_dithmenos_smoke
D:5:      uniq_menkaure, uniq_blork_the_orc
D:7:      marbit_many_paths, minmay_temple_entry_enclosed_plants, uniq_joseph,
          uniq_pikel

Skill      XL: |  1  2  3  4  5  6  7  8 |
---------------+-------------------------+-----
Armour         | 4 5 6 7 |  7.2
Fighting       | 4 5 6 7 |  7.3
Shields        | 4 5 6 7 |  7.0
Maces & Flails | 3 |  3.0
Axes           | 1 2 3 5 6 |  6.0

Action                   |  1- 3 |  4- 6 |  7- 9 || total
-------------------------+-------+-------+-------++-------
Melee: Flail             |    90 |       |       ||    90
       Headbutt          |    11 |    20 |    26 ||    57
       Hand axe          |     3 |    99 |   112 ||   214
  Use: Potion            |       |     3 |       ||     3
       Scroll            |       |     2 |     2 ||     4
  Eat: Chunk             |       |     6 |     3 ||     9
       Bread ration      |       |       |     1 ||     1
Armor: Scale mail        |    35 |    28 |    27 ||    90
Dodge: Dodged            |    28 |    27 |    28 ||    83
Block: Shield            |    45 |    47 |    53 ||   145
